 Dungeon Crawl Stone Soup version 0.28-a0-1524-ge72afd5fc6 (webtiles) character file.

Game seed: 6024546081001705417

30 psuckher the Sneak (level 3, -9/30 HPs)
             Began as a Barachi Delver on Jan 17, 2022.
             Mangled by an ogre (18 damage)
             ... on level 5 of the Dungeon.
             The game lasted 00:02:15 (250 turns).

psuckher the Sneak (Barachi Delver)                  Turns: 250, Time: 00:02:16

Health: -9/30      AC:  3    Str: 15    XL:     3   Next: 20%
Magic:  3/3        EV: 12    Int: 16    God:
Gold:   5          SH:  0    Dex: 13    Spells: 2/2 levels left

rFire   . . .      SeeInvis .   a - +0 short sword
rCold   . . .      Faith    .   (no shield)
rNeg    . . .      Spirit   .   b - +0 leather armour
rPois   .          Reflect  .   (no helmet)
rElec   .          Harm     .   (no cloak)
rCorr   .          Rampage  .   (no gloves)
Will    .....                   (no boots)
Stlth   +++.......              (no amulet)
HPRegen 0.10/turn               l - +6 ring of intelligence
MPRegen 0.08/turn               (no ring)

@: attractive, slow
A: amphibious, slowness 1, strong legs 1, +LOS
a: Hop


You were on level 5 of the Dungeon.
You visited 1 branch of the dungeon, and saw 1 of its levels.

You collected 5 gold pieces.

Inventory:

Hand Weapons
 a - a +0 short sword (weapon)
 i - a +0 great sword
Armour
 b - a +0 leather armour (worn)
 h - a +0 plate armour
Jewellery
 l - a +6 ring of intelligence (left hand)
Wands
 g - a wand of digging (3)
Scrolls
 d - a scroll of magic mapping
 k - 2 scrolls of identify {unknown}
Potions
 f - a potion of haste


   Skills:
 + Level 3.9 Fighting
 + Level 2.3 Short Blades
 + Level 0.1 Armour
 + Level 2.3 Dodging
 + Level 5.1 Stealth


You had 2 spell levels left.
You didn't know any spells.
Your spell library contained the following spells:

 Spells                   Type           Power      Damage    Failure   Level
 Beastly Appendage        Tmut           0%         N/A       30%         1
 Freeze                   Ice            0%         1d3       30%         1
 Sandblast                Erth           0%         2d4       30%         1
 Summon Small Mammal      Summ           0%         N/A       30%         1
 Passwall                 Tmut/Erth      0%         N/A       43%         2
 Stone Arrow              Conj/Erth      0%         3d7       67%         3


Dungeon Overview and Level Annotations

Branches:
Dungeon (5/15)
 Temple: D:4-7

Altars:
Cheibriados
Sif Muna


Innate Abilities, Weirdness & Mutations

You are amphibious.
You cover ground slowly.
You can hop short distances.
You have an extended range of vision and can be seen from far away.


Message History

The slug dart misses you. The dart slug closely misses you.
You hit the dart slug.
The dart slug is heavily wounded.
You hit the dart slug.
The dart slug is almost dead.
The dart slug barely misses you.
You hit the dart slug but do no damage.
The dart slug is almost dead.
The dart slug bites you but does no damage.
You hit the dart slug.
You kill the dart slug!
There is a snail-covered altar of Cheibriados here.
HP restored.
Found a leather armour.
An ogre comes into view. It is wielding a +0 giant club.
Found a stone staircase leading down.
The ogre shouts!
A sky beast comes into view.
As you read the scroll of fear, it crumbles to dust.
You assume a fearsome visage.
The ogre looks frightened!
The ogre gibbers meaninglessly.
The ogre begs for mercy.
Found a great sword.
There is an escape hatch in the floor here.
Found a book of Geomancy.
You pick up a book of Geomancy and begin reading...
You add the spells Sandblast, Passwall and Stone Arrow to your library.
Found 19 gold pieces.
As you read the scroll of fog, it crumbles to dust.
The scroll dissolves into smoke.
It was a potion of attraction.
You feel attractive to monsters.
The ogre hits you with a +0 giant club!!
Ouch! That really hurt!
* * * LOW HITPOINT WARNING * * *
You barely miss the ogre.
The ogre hits you with a +0 giant club!!
Ouch! That really hurt!
You die...

........[ ... ......... ...
......... ... ..# .####...#.
...#.# ...# .##......... ..#..
....# ............ ....## .$..#
.#..........##.#.. ......
#..............#.##......
...#......#...§#@........
.#.....##.##.#.§O§....... .......
#...#..##....#§§§§....... .......
....##........§§§###..... ......
.#.###..##....§§§§....... ###....
#......####...§§§§§....#.##......
........#...O.#.###..............
.#.......>....#..#...............
#..........(#.#..................


You could see an ogre.

Vanquished Creatures
  A centaur skeleton (D:5)
  A dart slug (D:5)
2 creatures vanquished.

Notes
Turn   | Place    | Note
-------+----------+-------------------------------------------
     0 | D:5      | psuckher the Barachi Delver began the quest for the Orb.
     0 | D:5      | Reached XP level 1. HP: 18/18 MP: 1/1
    25 | D:5      | Reached skill level 5 in Stealth
    25 | D:5      | Reached XP level 2. HP: 12/25 MP: 2/2
    25 | D:5      | Reached XP level 3. HP: 14/30 MP: 3/3
    28 | D:5      | Found a shimmering blue altar of Sif Muna.
   104 | D:5      | Got An Introduction to the Arcane Arts
   127 | D:5      | Found a snail-covered altar of Cheibriados.
   200 | D:5      | Noticed an ogre
   200 | D:5      | Noticed a sky beast
   250 | D:5      | Mangled by an ogre

Illustrated notes

Levels and vault maps discovered:
D:5:      layout_cave_pools, nicolae_sif_muna_condensation,
          kennysheep_slug_shrine, minmay_misc_feat_diagonals

Skill      XL: |  1 |
---------------+----+-----
Stealth        | 5 |  5.1
Fighting       | |  3.9
Short Blades   | |  2.3
Armour         | |  0.1
Dodging        | |  2.3

Action                   || total
-------------------------++-------
Melee: Short sword       ||    17
  Use: Scroll            ||     2
       Potion            ||     1
Armor: Leather armour    ||     6
Dodge: Dodged            ||    22

Table legend: (Time is in decaauts)
 A = Elapsed time spent in this place.
 B = Non-inter-level travel time spent in this place.
 C = Inter-level travel time spent in this place.
 D = Time resting spent in this place.
 E = Time spent auto-exploring this place.
 F = Levels seen in this place.
 G = Mean time per level.
                   A        B        C        D        E       F      G
               +--------+--------+--------+--------+--------+-----+--------+
         Total |    293 |    256 |     37 |      0 |      0 |   1 |  293.0 |
       Dungeon |    293 |    256 |     37 |      0 |      0 |   1 |  293.0 |
               +--------+--------+--------+--------+--------+-----+--------+

Top non-repeatable levels by time:
     D:5: 293 daAuts
